 Dungeon Crawl Stone Soup version 0.18-a0-867-gfd1cc8f (webtiles) character file.

128561 4thArraOfDagon the Executioner (level 16, -15/141 HPs)
             Began as a Hill Orc Berserker on Dec 21, 2015.
             Was a High Priest of Trog.
             Shot with an arrow by a deep elf archer (16 damage)
             ... on level 3 of the Vaults.
             The game lasted 01:07:52 (9892 turns).

4thArraOfDagon the Executioner (Hill Orc Berserker) Turns: 9892, Time: 01:07:52

Health: -15/141    AC: 20    Str: 25      XL:     16   Next: 69%
Magic:  16/16      EV: 12    Int: 10 (11) God:    Trog [*****.]
Gold:   1663       SH:  3    Dex: 13      Spells: 0 memorised, 15 levels left

rFire  + + +     SeeInvis .     k - +1 broad axe (vamp)
rCold  . . .     Gourm    .     g - +2 plate armour {rF+}
rNeg   . . .     Faith    .     (no shield)
rPois  .         Spirit   .     l - +1 hat
rElec  .         Dismiss  .     K - +0 cloak {rF+}
rCorr  .         Reflect  +     u - +0 pair of gloves {Dex+3}
SustAt .         Harm     .     b - +0 pair of boots
MR     +++..                    A - amulet "Wycranikowu" {Reflect rF+ Str+2 SH+3 Stlth+}
Stlth  ..........               a - ring of protection from magic
                                C - +4 ring of evasion

@: lethally poisoned (-15 -> -80), about to teleport, slowed, very slow,
extremely resistant to hostile enchantments, extremely unstealthy
A: hooves 1, deformed body, frail 1, magic resistance 1, no device heal 1
a: Berserk, Trog's Hand, Brothers in Arms, Burn Spellbooks, Renounce Religion
}: 1/15 runes: decaying


You were on level 3 of the Vaults.
You worshipped Trog.
Trog was extremely pleased with you.
You were not hungry.

You visited 5 branches of the dungeon, and saw 30 of its levels.
You also visited: Labyrinth, Ice Cave and Volcano.

You collected 2064 gold pieces.
You spent 401 gold pieces at shops.

Inventory:

Hand Weapons
 k - a +1 vampiric broad axe (weapon)
 B - a +4 executioner's axe of venom
 P - a +4 antimagic battleaxe
Missiles
 y - a throwing net (quivered)
Armour
 b - a +0 pair of boots (worn)
 g - a +2 plate armour of fire resistance (worn)
 l - a +1 hat (worn)
 u - a +0 pair of gloves of dexterity (worn)
 K - a +0 cloak of fire resistance (worn)
 N - a fire dragon hide
Magical Staves
 F - an uncursed staff of summoning {unknown}
Jewellery
 a - a ring of protection from magic (right hand)
 e - an uncursed ring of wizardry
 t - an uncursed ring of protection from cold
 w - an uncursed ring of see invisible
 A - the amulet "Wycranikowu" (around neck) {Reflect rF+ Str+2 SH+3 Stlth+}
   (You found it on level 12 of the Dungeon)

   [amulet of reflection]

   It shields you and reflects attacks.
   It affects your strength (+2).
   It protects you from fire.
   It affects your SH (+3).
   It makes you more stealthy.
 C - a +4 ring of evasion (left hand)
 D - an uncursed ring of ice
 G - an uncursed amulet of the gourmand {unknown}
Wands
 i - a wand of heal wounds (1/9)
 q - a wand of paralysis (18/24)
 I - a wand of lightning (8/15)
 M - a wand of disintegration (11/24)
 R - a wand of disintegration (4/24)
 S - a wand of teleportation (6/9)
 Z - a wand of disintegration (12/24)
Scrolls
 d - 2 scrolls of immolation
 j - 5 scrolls of recharging
 n - 8 scrolls of remove curse
 o - 5 scrolls of blinking
 p - 8 scrolls of fog
 s - 2 scrolls of enchant armour
 v - 3 scrolls of teleportation
 E - 2 scrolls of noise
Potions
 m - 2 potions of magic
 x - 4 potions of flight {unknown}
 z - a potion of might
 J - 5 potions of curing
 L - 2 potions of berserk rage {unknown}
 O - a potion of beneficial mutation {unknown}
 Q - a potion of haste
 T - 2 potions of cure mutation {unknown}
 U - a potion of agility
 W - 3 potions of ambrosia
 X - 2 potions of heal wounds
Books
 h - the Collected Works on Helpful Transmutation
   (You found it on level 12 of the Dungeon)

   Spells                             Type                      Level
   a - Sticks to Snakes               Transmutation                2
   b - Ozocubu's Armour               Charms/Ice                   3
   c - Ignite Poison                  Fire/Transmutation/Poison    3
   d - Passwall                       Transmutation/Earth          3
   e - Excruciating Wounds            Charms/Necromancy            5
   Trog disapproves of the use of such an item.
 V - a Necronomicon

   Spells                             Type                      Level
   a - Haunt                          Necromancy/Summoning         7
   b - Borgnjor's Revivification      Necromancy                   8
   c - Death's Door                   Charms/Necromancy            8
   d - Necromutation                  Transmutation/Necromancy     8
   Trog disapproves of the use of such an item.
 Y - a book of Geomancy

   Spells                             Type                      Level
   a - Sandblast                      Earth                        1
   b - Stoneskin                      Transmutation/Earth          2
   c - Passwall                       Transmutation/Earth          3
   d - Stone Arrow                    Conjuration/Earth            3
   e - Petrify                        Transmutation/Earth          4
   f - Lee's Rapid Deconstruction     Earth                        5
   Trog disapproves of the use of such an item.
Miscellaneous
 r - a plain deck of wonders {drawn: 1}
Comestibles
 c - 6 bread rations
 H - 5 chunks of flesh


   Skills:
 - Level 18.0 Fighting
 * Level 24.9 Axes
 + Level 16.0 Armour
 - Level 1.5 Dodging


You had 15 spell levels left.
You didn't know any spells.

Dungeon Overview and Level Annotations

Branches:
Dungeon (13/15)              Lair (8/8) D:10          Swamp (4/4) Lair:4
  Slime (0/6) Lair:7          Orc (2/2) D:9             Elf (0/3) Orc:2
 Vaults (3/5) D:13
 Temple: D:4-7        Snake: Lair:3-6    Spider: Lair:3-6     Crypt: Vaults:2-3

Altars:
Cheibriados
Makhleb
Nemelex Xobeh
Okawaru
Pakellas
Sif Muna
Xom
Beogh
Jiyva

Shops:
D:12 *:   Orc:2 ?%?:

Portals:
Trove: D:10 (give +4 demon whip)

Annotations:
Lair:5 SNAKE
Vaults:2 CRYPTS, exclusion: door


Innate Abilities, Weirdness & Mutations

You have large cloven feet.
Armour fits poorly on your strangely shaped body.
You are frail (-10% HP).
You are resistant to hostile enchantments.
Potions and wands are less effective at restoring your health.


Message History

Unknown command.
Unknown command.
Unknown command.
Unknown command.
Unknown command.
Unknown command.
Unknown command.
Unknown command.
Unknown command.
Unknown command.
Unknown command.
Unknown command.
* * * LOW HITPOINT WARNING * * *
You feel extremely sick.
The ironbrand convoker shouts!
The deep elf archer unwields an uncursed dagger of venom.
It stops dripping with poison.
The deep elf archer wields a runed longbow.
It bursts into flame!
The deep elf archer shoots an arrow.
The arrow hits you!
You die...

.....#.........
#......'.........
....p...#e........
.......e#.......?.
........#.........
........#.........
).......e.J.......
........#.yJ......
........'.@.......
........#.........
........#...[.....
#######)#'####+###
#......# #....<.#
#......# #......#
#....(.#


You could see an enormous slime creature, a slime creature, 3 deep elf archers,
an ironbrand convoker and a hornet.

Vanquished Creatures
  Rupert (D:12)
  2 azure jellies (Swamp:4)
  Maud (Orc:1)
  A deep elf sorcerer (Vaults:2)
  A vault warden (Vaults:2)
  Louise (Vaults:1)
  4 ironheart preservers
  A stone giant (Orc:2)
  3 deep elf demonologists
  A deep elf annihilator (Vaults:1)
  A deep elf death mage (Vaults:1)
  2 ettins
  A minotaur (Lab)
  A fire dragon (Lair:8)
  2 yaktaur captains
  A ghost crab (Swamp:3)
  2 ice dragons (Swamp:4)
  5 alligators
  2 rakshasas
  An anaconda (shapeshifter) (D:13)
  A hydra (D:12)
  4 ogre magi
  3 death yaks (Lair:7)
  3 orc high priests (Orc:2)
  2 deep elf knights (Vaults:2)
  A swamp dragon (Swamp:4)
  A giant orange brain (Vaults:2)
  2 skeletal warriors (Vaults:2)
  A spriggan druid (Swamp:4)
  5 ironbrand convokers
  2 hill giants (D:12)
  A shambling mangrove (Swamp:3)
  A deep elf archer (Vaults:2)
  An obsidian statue (D:12)
  6 orc knights
  5 cyclopes
  A large abomination (Vaults:1)
  4 deep elf magi
  5 orc sorcerers
  16 ugly things
  A sixfirhy (D:12)
  13 elephants
  A hornet (Swamp:4)
  4 griffons
  A centaur zombie (D:13)
  3 black mambas
  13 spiny frogs
  2 gargoyles (Volcano)
  4 vault sentinels
  2 molten gargoyles (Volcano)
  A yaktaur (Vaults:1)
  5 komodo dragons
  An efreet (D:12)
  A hellwing (D:12)
  An ice devil (D:12)
  5 fire drakes
  A yaktaur skeleton (Vaults:2)
  A wolf spider simulacrum (IceCv)
  A jumping spider (Vaults:2)
  4 slime creatures (Swamp:1)
  5 two-headed ogres
  4 trolls
  5 freezing wraiths
  2 giant leeches (Swamp:3)
  Prince Ribbit (D:9)
  2 bog bodies (Swamp:4)
  A boulder beetle (Lair:5)
  2 spriggans (Swamp:3)
  2 wraiths (D:13)
  A tarantella (Vaults:2)
  3 redbacks (Vaults:2)
  A ynoxinul (D:12)
  25 blink frogs
  A shadow (D:12)
  4 wyverns
  A death yak simulacrum (IceCv)
  4 hippogriffs
  24 yaks
  A neqoxec (D:12)
  2 basilisks
  A hippogriff (shapeshifter) (D:13)
  A hungry ghost (D:10)
  9 swamp worms
  11 wolves
  2 steam dragons (Lair:8)
  2 swamp worm simulacra (Swamp:4)
  2 nagas (Lair:5)
  3 wargs
  14 hydra simulacra (Swamp:4)
  15 vampire mosquitoes
  5 insubstantial wisps (Swamp:4)
  10 water moccasins
  2 mottled dragons (Lair:8)
  9 porcupines
  3 swamp drakes
  A sky beast (D:11)
  A necrophage (D:10)
  A black bear (D:6)
  14 ice beasts
  15 orc warriors
  11 crocodiles
  12 ogres
  7 wasps
  A big kobold (D:13)
  2 centaurs
  A boggart (Vaults:1)
  12 giant frogs
  2 scorpions
  A wight (D:10)
  A swamp dragon simulacrum (IceCv)
  An elephant simulacrum (IceCv)
  5 killer bees
  An electric eel (Lair:4)
  2 crimson imps
  A centaur skeleton (D:8)
  2 giant frog skeletons (D:6)
  An iron imp (D:12)
  8 orc priests
  12 orc wizards
  A jelly (D:8)
  5 iguanas
  5 worker ants
  35 sheep
  A hound skeleton (D:6)
  2 gnolls (D:6)
  60 river rats
  A shadow imp (D:12)
  6 adders
  9 white imps
  3 ufetubi (D:12)
  4 swamp drake simulacra (Swamp:4)
  A worm (D:2)
  27 orcs
  3 giant cockroaches
  2 hobgoblins
  7 jackals
  12 kobolds
  2 quokkas
  A bat (D:1)
  A giant gecko zombie (D:6)
  2 giant newts
  A jackal skeleton (D:6)
  3 rats
  3 fungi
  7 plants
663 creatures vanquished.

Vanquished Creatures (collateral kills)
  3 hydras
  A ghost crab (Swamp:4)
  A wolf spider (Lair:8)
  A hornet (Swamp:4)
  An elephant (Lair:8)
  A guardian serpent (Lair:8)
  5 spiny frogs
  A molten gargoyle (Lair:7)
  2 freezing wraiths (Swamp:4)
  A hippogriff (D:13)
  4 yaks
  A fire elemental (Lair:7)
  2 swamp worm simulacra (Swamp:4)
  2 water moccasins (Lair:8)
  2 wasps (Lair:8)
  2 crocodiles (Lair:8)
  An iguana (Lair:1)
  A worker ant (Lair:8)
  An adder (Lair:8)
33 creatures vanquished.

Vanquished Creatures (others)
  3 spriggans (Swamp:4)
  A hill giant (D:10)
  A deep elf mage (D:11)
  A komodo dragon (D:10)
  A yak (D:10)
  2 insubstantial wisps (Swamp:4)
  2 ogres (D:10)
  3 wasps (Swamp:4)
  A giant frog (D:10)
  A hound (D:10)
  An adder (D:9)
  An ufetubus (D:12)
  2 orcs
  A quokka (D:10)
  4 fungi (Lair:8)
  12 plants (Lair:8)
37 creatures vanquished.

Grand Total: 733 creatures vanquished

Notes
Turn   | Place    | Note
--------------------------------------------------------------
     0 | D:1      | 4thArraOfDagon the Hill Orc Berserker began the quest for the Orb.
     0 | D:1      | Reached XP level 1. HP: 19/19 MP: 1/1
    91 | D:1      | Reached XP level 2. HP: 27/27 MP: 2/2
   290 | D:4      | Reached ** piety under Trog
   299 | D:4      | Reached XP level 3. HP: 33/33 MP: 3/3
   447 | D:5      | Entered Level 5 of the Dungeon
   447 | D:5      | Noticed a scorpion
   493 | D:5      | Reached skill level 5 in Axes
   586 | D:6      | Noticed an ogre
   598 | D:6      | Found an oddly glowing altar of Pakellas.
   632 | D:6      | Noticed an ice beast
   636 | D:6      | Killed an ogre
   636 | D:6      | Reached XP level 4. HP: 21/41 MP: 4/4
   636 | D:6      | Reached XP level 5. HP: 24/47 MP: 5/5
   643 | D:6      | Killed an ice beast
   643 | D:6      | Reached skill level 5 in Fighting
   643 | D:6      | Reached skill level 6 in Axes
   686 | D:6      | Reached XP level 6. HP: 28/56 MP: 6/6
   713 | D:6      | Reached skill level 7 in Axes
   875 | D:6      | Found an iron altar of Okawaru.
   876 | D:6      | Noticed a water moccasin
   890 | D:6      | Killed a water moccasin
   890 | D:6      | Reached XP level 7. HP: 27/61 MP: 7/7
   900 | D:6      | Reached skill level 8 in Axes
  1067 | D:8      | Reached skill level 5 in Armour
  1068 | D:8      | Reached skill level 9 in Axes
  1108 | D:8      | Noticed a two-headed ogre
  1113 | D:8      | Killed a two-headed ogre
  1113 | D:8      | Reached XP level 8. HP: 71/71 MP: 8/8
  1215 | D:9      | Found a shimmering altar of Xom.
  1219 | D:9      | Found a burning altar of Makhleb.
  1220 | D:9      | Found a deep blue altar of Sif Muna.
  1221 | D:9      | Found a sparkling altar of Nemelex Xobeh.
  1294 | D:8      | Reached skill level 10 in Axes
  1385 | D:9      | Noticed Prince Ribbit
  1387 | D:9      | Found a staircase to the Orcish Mines.
  1399 | Orc:1    | Entered Level 1 of the Orcish Mines
  1404 | Orc:1    | Noticed an orc sorcerer
  1421 | D:9      | HP: 3/73 [Prince Ribbit (11)]
  1440 | D:9      | Killed Prince Ribbit
  1484 | D:9      | Killed an orc sorcerer
  1484 | D:9      | Reached skill level 11 in Axes
  1484 | D:9      | Reached XP level 9. HP: 68/81 MP: 9/9
  1520 | Orc:1    | Noticed a cyclops
  1567 | Orc:1    | Killed a cyclops
  1567 | Orc:1    | Reached skill level 12 in Axes
  1752 | Orc:2    | Entered Level 2 of the Orcish Mines
  1848 | Orc:1    | Reached XP level 10. HP: 87/91 MP: 10/10
  1852 | Orc:1    | Reached skill level 13 in Axes
  1908 | Orc:1    | Noticed Maud
  1919 | Orc:1    | hmmm
  2250 | Orc:2    | Found a staircase to the Elven Halls.
  2256 | Orc:2    | Noticed a stone giant
  2301 | Orc:2    | Killed a stone giant
  2301 | Orc:2    | Reached *** piety under Trog
  2301 | Orc:2    | Reached skill level 14 in Axes
  2443 | Orc:2    | Found a roughly hewn altar of Beogh.
  2494 | Orc:2    | Noticed an orc high priest
  2494 | Orc:2    | Noticed an orc high priest
  2542 | Orc:2    | Noticed a sun demon
  2544 | Orc:2    | Killed an orc high priest
  2544 | Orc:2    | Reached skill level 10 in Fighting
  2547 | Orc:2    | Noticed a sun demon
  2550 | Orc:2    | Killed an orc high priest
  2671 | Orc:2    | Noticed an orc knight
  2694 | Orc:2    | Killed an orc knight
  2694 | Orc:2    | Reached XP level 11. HP: 96/101 MP: 11/11
  2738 | Orc:2    | Reached skill level 15 in Axes
  2753 | Orc:2    | Noticed an orc high priest
  2760 | Orc:2    | Killed an orc high priest
  2831 | Orc:2    | Noticed an orc knight
  2892 | Orc:2    | Killed an orc knight
  2962 | Orc:2    | Noticed an orc knight
  2980 | Orc:2    | Killed an orc knight
  2980 | Orc:2    | Reached skill level 16 in Axes
  2980 | Orc:2    | Reached skill level 10 in Armour
  3203 | Orc:2    | Noticed an orc knight
  3243 | Orc:2    | Killed an orc knight
  3347 | Orc:2    | Found Gideih's Book Shop.
  3347 | Orc:2    | Found Loeruss's Magic Scroll Shop.
  3348 | Orc:2    | Found Qotiwk's Food Shoppe.
  3348 | Orc:2    | Found Jureqeh's Magic Scroll Shoppe.
  3367 | Orc:2    | Bought a scroll of identify for 22 gold pieces
  3367 | Orc:2    | Bought a scroll of identify for 22 gold pieces
  3367 | Orc:2    | Bought a scroll of identify for 22 gold pieces
  3367 | Orc:2    | Bought a scroll of identify for 22 gold pieces
  3367 | Orc:2    | Bought a scroll of identify for 22 gold pieces
  3367 | Orc:2    | Bought a scroll of blinking for 82 gold pieces
  3367 | Orc:2    | Bought a scroll of fog for 22 gold pieces
  3367 | Orc:2    | Bought a scroll of recharging for 104 gold pieces
  3367 | Orc:2    | Bought a scroll of random uselessness for 11 gold pieces
  3369 | Orc:2    | Bought a scroll of identify for 36 gold pieces
  3369 | Orc:2    | Bought a scroll of identify for 36 gold pieces
  3469 | Orc:1    | Killed Maud
  3469 | Orc:1    | Reached skill level 17 in Axes
  3667 | D:10     | Entered Level 10 of the Dungeon
  3667 | D:10     | Found a shimmering altar of Xom.
  3667 | D:10     | Noticed a hill giant
  3680 | D:10     | Noticed a deep elf mage
  3688 | D:10     | Killed a hill giant
  3693 | D:10     | Found a staircase to the Lair.
  3740 | D:10     | Reached XP level 12. HP: 105/107 MP: 12/12
  3768 | D:10     | Found a portal to a secret trove of treasure.
  3811 | Lair:1   | Entered Level 1 of the Lair of Beasts
  3817 | Lair:1   | Reached **** piety under Trog
  3894 | Lair:1   | Noticed an eight-headed hydra
  3923 | Lair:1   | Noticed a six-headed hydra
  3928 | Lair:1   | Killed a six-headed hydra
  3935 | Lair:1   | Killed an eight-headed hydra
  3955 | Lair:1   | Found a frozen archway.
  3995 | IceCv    | Entered an ice cave
  4002 | IceCv    | Reached skill level 18 in Axes
  4108 | Lair:1   | bad layout
  4289 | Lair:3   | Reached ***** piety under Trog
  4367 | Lair:3   | You fall through a shaft for 3 floors!
  4531 | Lair:6   | Found a labyrinth entrance.
  4545 | Lair:6   | Reached skill level 19 in Axes
  4557 | Lab      | Entered a labyrinth
  4608 | Lab      | Noticed a minotaur
  4615 | Lab      | Killed a minotaur
  4643 | Lair:6   | You fall through a shaft!
  4649 | Lair:7   | Identified a scroll of acquirement
  4658 | Lair:7   | :(
  4659 | Lair:7   | wasted
  4674 | Lair:7   | Received a gift from Trog
  4719 | Lair:7   | Noticed a death yak
  4720 | Lair:7   | Noticed a death yak
  4722 | Lair:7   | Noticed a death yak
  4735 | Lair:7   | Reached XP level 13. HP: 117/117 MP: 13/13
  4744 | Lair:7   | Received a gift from Trog
  4816 | Lair:7   | Found a staircase to the Slime Pits.
  4820 | Lair:7   | Found a viscous altar of Jiyva.
  4853 | Lair:7   | Found a dark tunnel.
  4873 | Lair:7   | Reached skill level 15 in Fighting
  4911 | Volcano  | Entered a volcano
  5053 | Lair:8   | Entered Level 8 of the Lair of Beasts
  5435 | Lair:8   | Received a gift from Trog
  5486 | Lair:8   | Reached XP level 14. HP: 143/143 MP: 14/14
  5523 | Lair:8   | Gained mutation: Potions and wands are less effective at restoring your health. [mutagenic meat]
  5524 | Lair:8   | Gained mutation: Armour fits poorly on your strangely shaped body. [mutagenic meat]
  5525 | Lair:8   | Gained mutation: You are frail (-10% HP). [mutagenic meat]
  5526 | Lair:8   | Gained mutation: You have large cloven feet. [mutagenic meat]
  5528 | Lair:8   | Gained mutation: You are resistant to hostile enchantments. [mutagenic meat]
  5573 | Lair:8   | Paralysed by a wasp for 3 turns
  5591 | Lair:8   | Found a snail-covered altar of Cheibriados.
  5628 | Lair:6   | Reached skill level 20 in Axes
  6016 | Lair:4   | Received a gift from Trog
  6050 | Lair:4   | Found a staircase to the Swamp.
  6088 | Swamp:1  | Entered Level 1 of the Swamp
  6317 | Swamp:4  | Entered Level 4 of the Swamp
  6368 | Swamp:3  | Reached skill level 21 in Axes
  6835 | Swamp:4  | HP: 6/128 [swamp worm simulacrum (3)]
  6835 | Swamp:4  | HP: 1/128 [swamp worm simulacrum (5)]
  7007 | Swamp:4  | Noticed an azure jelly
  7026 | Swamp:4  | Killed an azure jelly
  7026 | Swamp:4  | Reached XP level 15. HP: 134/134 MP: 15/15
  7078 | Swamp:4  | Reached skill level 22 in Axes
  7216 | Swamp:4  | Noticed an azure jelly
  7307 | Swamp:4  | Killed an azure jelly
  7382 | Swamp:4  | Got a decaying rune of Zot
  8291 | D:12     | Noticed Rupert
  8297 | D:12     | Found Suihy's General Store.
  8311 | D:12     | Killed Rupert
  8407 | D:12     | Found Suroebam's Book Shoppe.
  8498 | D:12     | Identified the Collected Works on Helpful Transmutation (You found it on level 12 of the Dungeon)
  8514 | D:12     | Got a smoking crystal amulet
  8519 | D:12     | Identified the amulet "Wycranikowu" {Reflect rF+ Str+2 SH+3 Stlth+} (You found it on level 12 of the Dungeon)
  8594 | D:13     | Reached skill level 23 in Axes
  8653 | D:13     | Found a gate to the Vaults.
  8659 | Vaults:1 | Entered Level 1 of the Vaults
  8664 | Vaults:1 | Received a gift from Trog
  8738 | Vaults:1 | Noticed Louise
  8740 | Vaults:1 | Noticed an Ice Fiend
  8742 | Vaults:1 | Noticed an Executioner
  8752 | Vaults:1 | Reached skill level 15 in Armour
  8828 | Vaults:1 | Killed Louise
  8961 | Vaults:1 | Reached XP level 16. HP: 141/141 MP: 16/16
  9093 | Vaults:1 | meh
  9262 | Vaults:2 | Reached skill level 24 in Axes
  9887 | Vaults:3 | Paralysed by a hornet for 3 turns
  9892 | Vaults:3 | HP: 1/141 [poisoned by a hornet]
  9892 | Vaults:3 | Shot with an arrow by a deep elf archer

Vault maps used:
D:1:      lordsloth_arrival_two_stooges, evilmike_ruin_ashenzari
D:2:      minmay_misc_feat_doors, hangedman_glass_teeth
D:3:      first_bread, uniq_natasha
D:4:      old_standard_altar, kennysheep_little_box, uniq_eustachio,
          uniq_edmund, uniq_pikel, uniq_duvessa
D:5:      kennysheep_generic_room_13
D:6:      kennysheep_housing_project, okawaru_trees_1,
          nicolae_overflow_crystal_walls
D:7:      minmay_temple_entry_mist
D:8:      grunt_temple_overflow_gold_and_silver,
          lemuel_zombie_altar_yredelemnul, blue_anna_alchemist, uniq_joseph
D:9:      nicolae_dithmenos_shadow_blocks, minitemple, serial_shops, shop,
          uniq_prince_ribbit1
D:10:     dpeg_oklobed_lair, enter_trove_1, xom_confusion_cloud
D:11:     old_forge
D:12:     serial_shops, shop, shop, hangedman_devilish_allure, uniq_rupert
D:13:     david_vaults_4, minmay_statues_item, uniq_azrael, uniq_sonja
Lair:1:   beast_lair_carwin_large_2, portal_ice_cave_entry_ice_beasts,
          grunt_megastairs_2
Lair:2:   minivault_11, minivault_19
Lair:3:   roderic_batcave, nicolae_quartered_pool_little, st_stairs_8,
          uniq_fannar
Lair:4:   minmay_swamp_entry_swarm, nicolae_lair_grove_arrangements,
          minivault_24, st_stairs_11, nicolae_quartered_pool_super,
          serial_bayou_shore_b
Lair:5:   minmay_snake_entry_guardpost_small, hibernation_bobbens
Lair:6:   lab_entry_generic, st_stairs_10
Lair:7:   slime_altar_1, nicolae_volcano_entry_lava_flow, serial_bayou_shore_a
Lair:8:   hangedman_lair_tendril_chambers, guppyfry_lair_end_dragon,
          special_room, kennysheep_snail_temple
Swamp:1:  evilmike_swamp_ruin_house_5
Swamp:2:  evilmike_swamp_ruin_house_1, uniq_jorgrun
Swamp:3:  evilmike_swamp_ruin_rubble_1, uniq_nikola, uniq_donald
Swamp:4:  swamp_icy, swamp_pool5, infiniplex_staircase_pool_2
Orc:1:    special_room, uniq_maud
Orc:2:    st_orc_elflike, basic_altar
Vaults:1: v_misc_10, vaults_dpeg_spiral, v_misc_9, hangedman_vaults_nails,
          v_alt_pattern_4, v_misc_12, sword_in_stone, vaults_dpeg_hooks,
          vaults_dpeg_ring, v_alt_pattern_2
Vaults:2: minmay_crypt_entry_skeletal_spiral, vaults_room_door_hall, v_misc_17,
          grunt_vaults_funnel, ontoclasm_vaults_eye, ontoclasm_vaults_bender,
          hangedman_vaults_restitches, vaults_standard_mumra_x,
          ontoclasm_vaults_loading_screen, v_alt_pattern_1,
          vaults_mumra_chevron, nicolae_vaults_octagons, vaults_mumra_hex,
          ontoclasm_vaults_tryst
Vaults:3: v_misc_27, v_misc_16, nicolae_vaults_three_branches,
          dpeg_vaults_monster_box, nicolae_vaults_diagonal_hallway_6, v_misc_1,
          grunt_vaults_focal, vaults_room_grunt_arrival_checkpoint,
          nicolae_vaults_shelves_hall, vaults_dpeg_encased_lava,
          ontoclasm_vaults_misaligned, serial_shops, shop_fountains
Lab:      labyrinth_watery, nicolae_lab_starburst
IceCv:    ice_cave_small_necro
Volcano:  volcano_aerie

Action                   |  1- 3 |  4- 6 |  7- 9 | 10-12 | 13-15 | 16-18 || total
-------------------------+-------+-------+-------+-------+-------+-------++-------
Melee: Hand axe          |    31 |       |    97 |   191 |       |       ||   319
       War axe           |    10 |    61 |    30 |    17 |       |       ||   118
       Broad axe         |       |       |       |   308 |  1016 |   193 ||  1517
Throw: Throwing net      |       |       |       |     1 |       |       ||     1
Invok: Berserk           |     6 |     2 |     9 |    23 |    27 |     8 ||    75
       Trog's Hand       |       |     1 |     6 |     7 |    21 |    10 ||    45
       Brothers in Arms  |       |       |       |     1 |    11 |       ||    12
Evoke: Wand              |       |       |     6 |     2 |     6 |       ||    14
       Deck              |       |       |       |       |       |     1 ||     1
  Use: Potion            |       |       |    10 |     1 |     3 |       ||    14
       Scroll            |       |       |     3 |    12 |    12 |     3 ||    30
 Stab: Held in net/web   |       |       |       |     1 |       |       ||     1
       Confused          |       |       |       |       |     1 |       ||     1
       Distracted        |       |       |       |       |     1 |       ||     1
       Petrified         |       |       |       |       |     1 |       ||     1
  Eat: Chunk             |     4 |     3 |     9 |    38 |    34 |    10 ||    98
       Meat ration       |       |       |     1 |       |     3 |       ||     4
       Bread ration      |       |       |       |     1 |       |     1 ||     2
       Pizza             |       |       |       |       |     1 |       ||     1
       Beef jerky        |       |       |       |       |     1 |       ||     1
       Royal jelly       |       |       |       |       |     1 |       ||     1
